 Dungeon Crawl Stone Soup version 0.28-a0-1199-gef9e1dbd39 (webtiles) character file.

Game seed: 4277306541993881334

351 enile the Skirmisher (level 6, -4/57 HPs)
             Began as a Naga Wanderer on Dec 19, 2021.
             Was a Believer of Qazlal.
             Slain by an ogre (22 damage)
             ... on level 4 of the Dungeon.
             The game lasted 00:10:08 (5469 turns).

enile the Skirmisher (Naga Wanderer)                Turns: 5469, Time: 00:10:09

Health: -4/57      AC:  3    Str: 15    XL:     6   Next: 61%
Magic:  10/10      EV:  9    Int: 13    God:    Qazlal [**....]
Gold:   113        SH:  7    Dex: 11    Spells: 7/11 levels left

rFire   . . .      SeeInvis +   g - +2 spear (flame)
rCold   . . .      Faith    .   c - +1 buckler
rNeg    . . .      Spirit   .   d - +0 leather armour
rPois   +          Reflect  .   (no helmet)
rElec   .          Harm     .   (no cloak)
rCorr   .          Rampage  .   (no gloves)
Will    .....                   (no barding)
Stlth   +.........              (no amulet)
HPRegen 0.19/turn               (no ring)
MPRegen 0.12/turn               (no ring)

@: short of breath, very slow
A: AC +2, large, see invisible, deformed body, poison resistance, slowness 2,
spit poison 1, naga tail 1
a: Spit Poison, Renounce Religion, Upheaval


You were on level 4 of the Dungeon.
You worshipped Qazlal.
Qazlal was pleased with you.
You visited 1 branch of the dungeon, and saw 5 of its levels.

You collected 113 gold pieces.

Inventory:

Hand Weapons
 a - a +0 club
 g - a +2 spear of flaming (weapon)
 j - a +1 dagger of freezing
 r - a +2 dagger of venom
 s - a +2 dagger of draining
Missiles
 h - a boomerang (quivered)
Armour
 c - a +1 buckler (worn)
 d - a +0 leather armour (worn)
 f - a +0 plate armour
 m - a +0 chain mail
 n - a +0 leather armour
 t - a +0 cloak
Scrolls
 b - 2 scrolls of fear
 e - a scroll of noise {unknown}
 i - a scroll of vulnerability
 k - a scroll of magic mapping {unknown}
 o - a scroll of fog
 p - 2 scrolls of immolation
 q - a scroll of enchant armour
Potions
 l - 7 potions of curing {unknown}


   Skills:
 - Level 4.0 Fighting
 - Level 3.0 Polearms
 - Level 1.0 Dodging
 + Level 0.9 Stealth
 - Level 2.0 Shields
 - Level 3.0 Unarmed Combat
 - Level 3.0 Spellcasting
 - Level 1.0 Ice Magic
 - Level 3.0 Invocations
 - Level 1.0 Evocations


You had 7 spell levels left.
You knew the following spells:

 Your Spells              Type           Power      Damage    Failure   Level
a - Freeze                Ice            16%        1d4       21%         1
b - Ozocubu's Armour      Ice            4%         N/A       52%         3

Your spell library contained the following spells:

 Spells                   Type           Power      Damage    Failure   Level


Dungeon Overview and Level Annotations

Branches:
Dungeon (5/15)
 Temple: D:4-7

Altars:
Dithmenos
Fedhas
Nemelex Xobeh
Qazlal
Ru
Zin


Innate Abilities, Weirdness & Mutations

Your serpentine skin is tough. (AC +2)
You have supernaturally acute eyesight. (SInv)
Armour fits poorly on your strangely shaped body.
Your system is resistant to poisons. (rPois)
You cover ground very slowly.
You can spit poison.
You have a snake-like lower body.


Message History

Done exploring.
Done exploring.
(D) Dungeon
Where to? (Enter - D:4, ? - help)
There is a stone staircase leading down here.
You climb downwards.
The ogre shouts!
You hear a bark!
Found a scroll labelled ZAUZOS KAEBBEH and a scroll of blinking.
There is a stone staircase leading up here.
There are monsters nearby!
There are monsters nearby!
You already know all available spells.
The ogre hits you with a +0 giant spiked club!!
You climb upwards.
There is a stone staircase leading down here.
Casting: Freeze (safe; 21% risk of failure)
Confirm with . or Enter, or press ? or * to list all spells.
Aiming: Freeze (safe; 21% risk of failure)
Press: ? - help, Shift-Dir - straight line, f - ogre
Aim: an ogre, wielding a +0 giant spiked club You freeze the ogre.
The ogre is lightly wounded.
The ogre misses you. You block the ogre's attack.
Aiming: Spit Poison (1% risk of failure)
Press: ? - help, Shift-Dir - straight line, f/p - ogre
Aim: an ogre, wielding a +0 giant spiked club (lightly wounded)
The splash of poison hits the ogre!
The ogre is heavily wounded.
The ogre completely misses you.
Unknown command.
You have got your breath back.
The ogre hits you with a +0 giant spiked club!
Aiming: Spit Poison (1% risk of failure)
Press: ? - help, Shift-Dir - straight line, f/p - ogre
Aim: an ogre, wielding a +0 giant spiked club (heavily wounded)
The splash of poison hits the ogre!
The ogre is poisoned.
The ogre is severely wounded.
The ogre hits you with a +0 giant spiked club!!
You die...

....# #......#.#
....#####......#.#
...............#.#
...............#.#
##............##.#
#............##.#########
#............##.........#
#.........#'###.........#
#.........#.###@○÷......#
#.........#..##O○.......#
#.........##.##.........#
############..#.........#
##.#.........#
#######.#.........#
#.............#####
#.#####...###.#
#.#.......# #.#


You could see an ogre (poisoned).

Vanquished Creatures
  A wyvern skeleton (D:3)
  A jelly (D:4)
  A centaur zombie (D:4)
  An orc priest (D:3)
  A hound skeleton (D:4)
  Robin (D:3)
  4 gnolls (D:4)
  3 adders (D:3)
  An adder skeleton (D:4)
  A worm (D:3)
  9 orcs
  3 ball pythons
  9 endoplasms
  4 giant cockroaches
  17 goblins
  9 hobgoblins
  6 jackals
  8 kobolds
  3 quokkas
  7 bats
  4 frilled lizards (D:2)
  A rat (D:1)
  A spectral hobgoblin (D:1)
96 creatures vanquished.

Notes
Turn   | Place    | Note
-------+----------+-------------------------------------------
     0 | D:1      | enile the Naga Wanderer began the quest for the Orb.
     0 | D:1      | enile set off with the following items: a +0 club, a scroll
                  | of fear, a +0 buckler, a +0 leather armour, a scroll of
                  | blinking; and the following spell memorised: Freeze; and
                  | the following spells available to memorise: Ozocubu's
                  | Armour
     0 | D:1      | Reached XP level 1. HP: 15/15 MP: 4/4
    76 | D:1      | Reached skill level 1 in Fighting
   249 | D:1      | Reached XP level 2. HP: 22/25 MP: 4/6
   501 | D:1      | Reached skill level 2 in Fighting
   856 | D:1      | Reached skill level 1 in Polearms
   908 | D:1      | Reached XP level 3. HP: 11/32 MP: 7/7
  1159 | D:1      | Found a faded altar of an unknown god.
  1171 | D:1      | Prayed at the altar of an unknown god.
  1171 | D:1      | Became a worshipper of Qazlal Stormbringer
  1171 | D:1      | Reached * piety under Qazlal
  2104 | D:2      | Reached skill level 1 in Invocations
  2158 | D:3      | Reached XP level 4. HP: 34/39 MP: 8/8
  2496 | D:3      | Reached skill level 3 in Fighting
  2943 | D:3      | Noticed Robin
  2950 | D:3      | Reached XP level 5. HP: 32/46 MP: 9/9
  3002 | D:3      | Killed Robin
  3369 | D:3      | Found a sacrificial altar of Ru.
  3369 | D:3      | Found a blossoming altar of Fedhas.
  4336 | D:3      | Reached ** piety under Qazlal
  4459 | D:3      | Found a glowing silver altar of Zin.
  4488 | D:4      | Reached XP level 6. HP: 55/57 MP: 6/10
  4499 | D:4      | Reached skill level 4 in Fighting
  5087 | D:4      | Reached skill level 1 in Dodging
  5137 | D:4      | Found a sparkling altar of Nemelex Xobeh.
  5138 | D:4      | Found a shadowy altar of Dithmenos.
  5225 | D:4      | Learned a level 3 spell: Ozocubu's Armour
  5455 | D:5      | Entered Level 5 of the Dungeon
  5469 | D:4      | Slain by an ogre

Illustrated notes

Levels and vault maps discovered:
D:1:      nicolae_arrival_washed_ashore, layout_loops_ring,
          dreamdust_ecumenical_altar_drowned_temple, hangedman_decor_slide_cut,
          solitary_fountain
D:2:      layout_rooms, st_stairs_11
D:3:      layout_loops_corners, general_overflow_altar, jmf_multi_god_temple,
          uniq_robin
D:4:      layout_basic, mainiacjoe_overflow_big_doors
D:5:      layout_rooms, st_stairs_2

Skill      XL: |  1  2  3  4  5  6 |
---------------+-------------------+-----
Fighting       | 1 2 3 4 |  4.0
Polearms       | 1 2 3 |  3.0
Invocations    | 1 2 3 |  3.0
Shields        | 2 |  2.0
Dodging        | 1 |  1.0
Stealth        | |  0.9
Unarmed Combat | |  3.0
Spellcasting   | |  3.0
Ice Magic      | |  1.0
Evocations     | |  1.0

Action                   |  1- 3 |  4- 6 || total
-------------------------+-------+-------++-------
Melee: Club              |    10 |       ||    10
       Spear             |   114 |   161 ||   275
Throw: Boomerang         |       |     6 ||     6
 Cast: Freeze            |     1 |     1 ||     2
Invok: Upheaval          |       |     1 ||     1
 Abil: Spit Poison       |     2 |    13 ||    15
  Use: Scroll            |     3 |     3 ||     6
       Potion            |       |     2 ||     2
Armor: Leather armour    |    22 |    23 ||    45
Dodge: Dodged            |    29 |    52 ||    81
Block: Buckler           |    22 |    37 ||    59

Table legend: (Time is in decaauts)
 A = Elapsed time spent in this place.
 B = Non-inter-level travel time spent in this place.
 C = Inter-level travel time spent in this place.
 D = Time resting spent in this place.
 E = Time spent auto-exploring this place.
 F = Levels seen in this place.
 G = Mean time per level.
                   A        B        C        D        E       F      G
               +--------+--------+--------+--------+--------+-----+--------+
         Total |   6479 |   6345 |    134 |    745 |   4853 |   5 | 1295.8 |
       Dungeon |   6479 |   6345 |    134 |    745 |   4853 |   5 | 1295.8 |
               +--------+--------+--------+--------+--------+-----+--------+

Top non-repeatable levels by time:
     D:3: 2840 daAuts
     D:1: 1777 daAuts
     D:2: 996 daAuts
     D:4: 864 daAuts
     D:5: 1 daAuts
